 Dungeon Sprint DCSS version 0.30-a0-728-gc68057be0a (webtiles) character file.

Game seed: 12711459952089448663

268 rocky1 the Basher (level 6, -8/67 HPs)
             Began as an Ogre Gladiator on Jan 31, 2023.
             Was an Elder of Cheibriados.
             Mangled by a wight
             ... wielding a +0 great sword
              (19 damage)
             ... in the Dungeon (Sprint VII: "The Pits").
             The game lasted 00:01:26 (190 turns).

rocky1 the Basher (Ogre Gladiator)                   Turns: 190, Time: 00:01:27

Health: -8/67      AC:  3    Str: 30    XL:     6   Next: 21%
Magic:  5/9        EV: 11    Int: 18    God:    Cheibriados [****..]
Gold:   0          SH:  0    Dex: 19    Spells: 5/5 levels left

rFire   . . .      SeeInvis .    a - +0 flail
rCold   . . .      Faith    .    (no shield)
rNeg    . . .      Spirit   .    b - +0 robe
rPois   .          Reflect  .    c - +0 hat
rElec   .          Harm     .    (no cloak)
rCorr   .          Rampage  .    (gloves unavailable)
Will    .....      NoTele   +    (boots unavailable)
Stlth   ++                       (no amulet)
HPRegen 0.31/turn                (no ring)
MPRegen 0.11/turn                (no ring)

@: on berserk cooldown, slowed, very slow
A: large, unfitting armour, tough skin 1
a: Renounce Religion, Bend Time, Temporal Distortion, Slouch


You were in the Dungeon.
You worshipped Cheibriados.
Cheibriados was greatly pleased with you.
You visited 1 branch

Inventory:

Hand Weapons
 a - a +0 flail (weapon)
Missiles
 d - 3 throwing nets (quivered)
 e - a large rock
Armour
 b - a +0 robe (worn)
 c - a +0 hat (worn)
Scrolls
 k - a scroll of blinking
 m - 5 scrolls of amnesia
 n - a scroll of butterflies
Potions
 f - a potion of curing
 h - a potion of haste
 i - 4 potions of magic
 j - 2 potions of berserk rage
 l - 2 potions of invisibility


   Skills:
 + Level 6.1 Fighting
 * Level 10.4 Maces & Flails
 - Level 2.0 Throwing
 - Level 2.6 Dodging
 + Level 4.3 Invocations


You had 5 spell levels left.
You didn't know any spells.
Your spell library was empty.

Dungeon Overview and Level Annotations

Branches:
Dungeon (1/1)

Altars:
Ashenzari
Cheibriados
Dithmenos
Elyvilon
Fedhas
Gozag
Hepliaklqana
Kikubaaqudgha
Makhleb
Nemelex Xobeh
Okawaru
Qazlal
Ru
Sif Muna
Trog
Uskayaw
Vehumet
Wu Jian
Xom
Yredelemnul
Zin
The Shining One
Jiyva
Lugonu


Innate Abilities, Weirdness & Mutations

You are too large for most types of armour.
You have tough skin. (AC +1)


Message History

The wight is lightly damaged.
The wight hits you with a +4 hand axe.
* * * LOW HITPOINT WARNING * * *
You feel drained.
* * * LOW HITPOINT WARNING * * *
The wight hits you but does no damage.
Unknown command.
You bludgeon the wight!!
You destroy the wight!
Cheibriados appreciates the change of pace.
Cheibriados raises the support of your attributes as your movement slows.
The wight closely misses you.
Your life force feels restored.
Your Fighting skill increases to level 5!
Your Maces & Flails skill increases to level 10!
Your Invocations skill increases to level 3!
Unknown command.
You closely miss the wight. The wight barely misses you.
You hit the wight.
The wight is moderately damaged.
You thump the wight!
You destroy the wight!
Cheibriados thoroughly appreciates the change of pace.
You can now inflict damage on those overly hasty.
Cheibriados raises the support of your attributes as your movement slows.
Your Fighting skill increases to level 6!
Your Invocations skill increases to level 4!
You have reached level 6!
You feel stronger.
You sock the wight!
The wight is heavily damaged.
You are no longer berserk.
You are exhausted.
You feel yourself slow down.
Unknown command.
You feel much better.
The wight hits you with a +0 great sword!
* * * LOW HITPOINT WARNING * * *
The wight hits you with a +0 great sword!!
You die...

############
#_________.#
#_________.#
#_______...###########+
##########'##..........
#.?(.')))'.##......#..#
##########.##..........
#.....@)....'..........
#+#####z#####......#..#
#....l# #..........
#.....# ####'#####+
###z### #.......#
#.....# #.......#
#.....# #.......#
####z## #...<...#


hzz #.......# You could see a wight and a frilled lizard.

Vanquished Creatures
  A floating eye (D)
  3 wights (D)
  An adder (D)
  An endoplasm (D)
  5 jackals (D)
  A kobold (D)
12 creatures vanquished.

Notes
Turn   | Place    | Note
-------+----------+-------------------------------------------
     0 | D        | rocky1 the Ogre Gladiator began the quest for the Orb.
     0 | D        | Reached XP level 1. HP: 22/22 MP: 1/1
    11 | D        | Noticed a floating eye
    13 | D        | Paralysed by a floating eye for 2 turns
    15 | D        | Killed a floating eye
    16 | D        | Reached skill level 8 in Maces & Flails
    16 | D        | Reached XP level 2. HP: 29/29 MP: 2/2
    16 | D        | Reached XP level 3. HP: 36/36 MP: 3/3
    16 | D        | Reached XP level 4. HP: 44/44 MP: 4/4
    40 | D        | Found a bloodstained altar of Trog.
    40 | D        | Found a shimmering blue altar of Sif Muna.
    40 | D        | Found a viscous altar of Jiyva.
    40 | D        | Found a hazy altar of Hepliaklqana.
    40 | D        | Found an opulent altar of Gozag.
    41 | D        | Found a glowing golden altar of the Shining One.
    41 | D        | Found a glowing silver altar of Zin.
    41 | D        | Found a basalt altar of Yredelemnul.
    41 | D        | Found a shimmering altar of Xom.
    41 | D        | Found an ornate altar of the Wu Jian Council.
    41 | D        | Found a sacrificial altar of Ru.
    41 | D        | Found a stormy altar of Qazlal.
    41 | D        | Found an iron altar of Okawaru.
    41 | D        | Found a sparkling altar of Nemelex Xobeh.
    41 | D        | Found a burning altar of Makhleb.
    41 | D        | Found a blossoming altar of Fedhas.
    41 | D        | Found a white marble altar of Elyvilon.
    41 | D        | Found a shadowy altar of Dithmenos.
    41 | D        | Found a snail-covered altar of Cheibriados.
    44 | D        | Found a corrupted altar of Lugonu.
    44 | D        | Found a radiant altar of Vehumet.
    45 | D        | Found an ancient bone altar of Kikubaaqudgha.
    45 | D        | Found a hide-covered altar of Uskayaw.
    45 | D        | Found a broken altar of Ashenzari.
    52 | D        | Became a worshipper of Cheibriados the Contemplative
    70 | D        | Reached * piety under Cheibriados
    89 | D        | Reached ** piety under Cheibriados
   178 | D        | Reached *** piety under Cheibriados
   179 | D        | Reached skill level 9 in Maces & Flails
   179 | D        | Reached XP level 5. HP: 48/54 MP: 4/6
   184 | D        | HP: 1/69 [wight/+4 hand axe (3)]
   186 | D        | Reached skill level 5 in Fighting
   186 | D        | Reached skill level 10 in Maces & Flails
   188 | D        | Reached **** piety under Cheibriados
   189 | D        | Reached XP level 6. HP: 3/67 MP: 4/9
   190 | D        | Mangled by a wight

Illustrated notes

Levels and vault maps discovered:
D:        pitsprint [storerooms_1, entrance_room_1, metal_vault_6, armoury_1,
          mini_pit_1, grid_room_1, main_hall_1, silver_pit, the_coven_1,
          the_vestibule_1, steel_vault_3, golden_pit, hallway_of_sentries,
          crystal_vault_4, iron_vault_2, final_vault]

Skill      XL: |  1  2  3  4  5 |
---------------+----------------+-----
Maces & Flails | 8 9 10 | 10.4
Fighting       | 4 6 |  6.1
Invocations    | 2 4 |  4.3
Throwing       | |  2.0
Dodging        | |  2.6

Action                     |  1- 3 |  4- 6 || total
---------------------------+-------+-------++-------
  Melee: Flail             |     2 |    38 ||    40
    Use: Potion            |       |     2 ||     2
 Armour: Robe              |       |    13 ||    13
  Dodge: Dodged            |       |    18 ||    18

Table legend: (Time is in decaauts)
 A = Elapsed time spent in this place.
 B = Non-inter-level travel time spent in this place.
 C = Inter-level travel time spent in this place.
 D = Time resting spent in this place.
 E = Time spent auto-exploring this place.
 F = Levels seen in this place.
 G = Mean time per level.
                   A        B        C        D        E       F      G
               +--------+--------+--------+--------+--------+-----+--------+
         Total |    199 |    199 |      0 |     65 |      0 |   1 |  199.0 |
       Dungeon |    199 |    199 |      0 |     65 |      0 |   1 |  199.0 |
               +--------+--------+--------+--------+--------+-----+--------+

Top non-repeatable levels by time:
       D: 199 daAuts
